 Dungeon Crawl Stone Soup version 0.29.1-2-gbd0b4ee654 (webtiles) character file.

Game seed: 3763686629670404324

4515 Hiippo the Thaumaturge (level 10, -3/72 HPs)
             Began as a Djinni Fire Elementalist on Nov 30, 2022.
             Was a Priest of Ashenzari.
             Slain by an orange demon (5 damage)
             ... summoned by an orc high priest
             ... in a bailey.
             The game lasted 01:51:15 (12384 turns).

Hiippo the Thaumaturge (Djinni Fire Elementalist)  Turns: 12384, Time: 01:51:16

Health: -3/72      AC: 11    Str:  7    XL:     10   Next: 66%
Gold:   518        EV: 12    Int: 26    God:    Ashenzari [***...] SH:  0 Dex: 21

rFire   + + +      SeeInvis +   E - +3 falchion (drain)
rCold   . . .      Faith    .   (no shield)
rNeg    . . .      Spirit   .   o - +1 ring mail of Supernal Wisdom {rPois Int+4 Dex+6 Stlth-, Cun, Range} (curse)
rPois   ∞          Reflect  .   c - +0 helmet
rElec   .          Harm     .   q - +0 cloak "Cryptic Fortune-Teller" {Self, Evo} (curse)
rCorr   +          Rampage  .   h - +0 pair of gloves
Will    +....      Clarity  +   (boots unavailable)
Stlth   +.........              (no amulet)
HPRegen 0.22/turn               g - ring "Cursed With Me" {rPois rF+ rCorr Int+2 Slay+2, Range, Self} (curse)
MPRegen 0.00/turn               z - ring "Boredom of Ashenzari" {rC+, Cun, Self} (curse)

@: about to teleport, spiked, flying
A: sickness immunity, fire resistance 2, cold vulnerability 1, float, innate
caster, HP casting, extra vitality 1, MP-powered wands
a: Renounce Religion, Shatter the Chains


You were in a bailey.
You worshipped Ashenzari.
Ashenzari was most pleased with you.
You visited 2 branches of the dungeon, and saw 8 of its levels.
You also visited: Bailey.

You collected 518 gold pieces.

Inventory:

Hand Weapons
 b - a +1 dagger
 s - a +4 flail of draining
 D - a +2 long sword of flaming
 E - a +3 falchion of draining (weapon)
Missiles
 v - 3 throwing nets
Armour
 a - a +0 robe
 c - a +0 helmet (worn)
 d - a +0 scale mail
 h - a +0 pair of gloves (worn)
 o - the cursed +1 ring mail of Supernal Wisdom (worn) {rPois Int+4 Dex+6 Stlth-, Cun, Range}
   (You took it off a gnoll on level 3 of the Dungeon)

   Int:       It affects your intelligence (+4).
   Dex:       It affects your dexterity (+6).
   rPois:     It protects you from poison.
   Stlth:     It makes you less stealthy.
   It has a curse which improves the following skills: Cunning: Dodging and
   Stealth.
   Ranged Combat: Ranged Weapons and Throwing.
 q - the cursed +0 cloak "Cryptic Fortune-Teller" (worn) {Self, Evo}
   (You found it on level 2 of the Dungeon)

   It has a curse which improves the following skills: Introspection: Fighting
   and Spellcasting.
   Evocations: Evocations.
 r - a +0 ring mail of cold resistance
Jewellery
 g - the cursed ring "Cursed With Me" (left hand) {rPois rF+ rCorr Int+2 Slay+2, Range, Self}
   (You acquired it on level 1 of the Dungeon)

   [ring of resist corrosion]

   Int:       It affects your intelligence (+2).
   Slay:      It affects your accuracy & damage with ranged weapons and melee
   (+2).
   rF:        It protects you from fire.
   rPois:     It protects you from poison.
   rCorr:     It protects you from acid and corrosion.
   It has a curse which improves the following skills: Ranged Combat: Ranged
   Weapons and Throwing.
   Introspection: Fighting and Spellcasting.
 p - a ring of willpower
 z - the cursed ring "Boredom of Ashenzari" (right hand) {rC+, Cun, Self}
   (You took it off a gnoll on level 5 of the Dungeon)

   [ring of protection from cold]

   rC:        It protects you from cold.
   It has a curse which improves the following skills: Cunning: Dodging and
   Stealth.
   Introspection: Fighting and Spellcasting.
Wands
 i - a wand of charming (7)
 k - a wand of flame (14)
 y - a wand of acid (2)
Scrolls
 f - 4 scrolls of teleportation
 j - 3 scrolls of immolation
 m - a scroll of acquirement
 n - a scroll of enchant weapon
 u - 6 scrolls of identify
 w - a scroll of poison
 x - a scroll of noise
 B - a scroll of enchant armour
Potions
 e - a potion of magic
 t - a potion of resistance
 A - 2 potions of haste
 C - 2 potions of brilliance


   Skills:
 + Level 3.4(6.2) Fighting
 + Level 8.0 Armour
 - Level 2.3(4.2) Dodging
 - Level 1.6(3.3) Stealth
 - Level 9.5(12.7) Spellcasting


You had 12 spell levels left.
You knew the following spells:

 Your Spells              Type           Power      Damage    Failure   Level
a - Foxfire               Conj/Fire      100%       2x1d9     1%          1
b - Scorch                Fire           100%       2d10      1%          2
c - Conjure Flame         Conj/Fire      70%        6-21      1%          3
d - Inner Flame           Hex/Fire       70%        N/A       1%          3
e - Flame Wave            Conj/Fire      70%        2d16      1%          4
f - Magic Dart            Conj           100%       1d8       1%          1
g - Poisonous Vapours     Pois/Air       100%       N/A       1%          2
h - Summon Guardian Gole  Hex/Summ       70%        N/A       1%          3
i - Mephitic Cloud        Conj/Pois/Air  70%        N/A       1%          3
Your spell library was empty.

Dungeon Overview and Level Annotations

Branches:
Dungeon (7/15)             Temple (1/1) D:4          Bailey (1/1)

Altars:
Ashenzari
Cheibriados
Dithmenos
Elyvilon
Fedhas
Hepliaklqana
Makhleb
Nemelex Xobeh
Okawaru
Qazlal
Ru
Uskayaw
Wu Jian
Xom
Yredelemnul
Zin
The Shining One


Innate Abilities, Weirdness & Mutations

You are immune to sickness and miasma.
You are immune to poison.
Your flesh is very heat resistant. (rF++)
You are vulnerable to cold. (rC-)
You float through the air rather than walking.
You learn spells naturally, not from books.
Your magical power is your life essence.
You have superior vitality. (+4 MHP)
You expend health (3 HP) to strengthen your wands.


Message History

The red devil completely resists.
The red devil is heavily wounded.
The flame wave engulfs the orc high priest.
The orc high priest is moderately wounded.
The red devil hits you with a +0 demon trident of venom!
* * * LOW HITPOINT WARNING * * *
Barbed spikes become lodged in your body.
The barbs in your skin will harm you if you move.
Continue?
Okay, then.
You feel better.
The orc high priest is engulfed in a cloud of scalding steam.
The red devil hits you with a +0 demon trident of venom!
* * * LOW HITPOINT WARNING * * *
Barbed spikes become lodged in your body.
Casting: Flame Wave (mildly dangerous; 1% risk of failure)
Confirm with . or Enter, or press ? or * to list all spells.
Flames lash the orc high priest.
The orc high priest is severely wounded.
The orc high priest's fire resistance burns away.
* * * LOW HITPOINT WARNING * * *
The orc high priest is engulfed in a cloud of scalding steam.
The red devil hits you with a +0 demon trident of venom!
* * * LOW HITPOINT WARNING * * *
Barbed spikes become lodged in your body.
You feel better.
The red devil hits you with a +0 demon trident of venom.
* * * LOW HITPOINT WARNING * * *
Barbed spikes become lodged in your body.
You feel better.
The orc high priest utters an invocation to Beogh.
The red devil hits you with a +0 demon trident of venom!
* * * LOW HITPOINT WARNING * * *
Barbed spikes become lodged in your body.
Okay, then.
Okay, then.
As you read the scroll of teleportation, it crumbles to dust.
You feel strangely unstable.
The orc high priest is no longer more vulnerable to fire.
The orange demon stings you from afar.
You die...

, ',#.g#.~≈≈≈≈≈# ,, ,
*#######.~≈≈≈≈≈# ,, ,
.8.8.o#.~≈≈≈≈≈# , ,
.......∩)≈≈≈≈≈#
8.8..#))≈≈≈≈≈# , ,**
######.~≈≈§≈§# , ,
#..#.4≈≈≈≈≈# {, ,* ,
,#..#.§4≈≈§≈# { , '
,#.'..#.o≈@≈≈≈#
#############.#≈≈≈≈§#
.8.'.....#....#§≈≈≈≈#
)).#.....'..g.#≈≈≈≈≈#
##########..#'#≈≈≈≈≈#
.........'..#.#≈≈≈≈≈#
~~~)~~~~~######≈≈≈≈≈#
≈≈≈≈≈≈≈≈≈≈≈≈≈≈≈≈≈≈≈≈#
≈≈≈≈≈≈≈≈≈≈≈≈≈≈≈≈≈≈≈≈#


You could see an orc high priest (very poisoned), an orange demon (summoned), an
orc sorcerer and a red devil (summoned, corroded).

Vanquished Creatures
  An orc knight (Bailey)
  Eustachio (D:4)
  A water moccasin (D:5)
  11 orc warriors (Bailey)
  A black bear (D:5)
  4 ogres
  A centaur (D:6)
  3 phantoms (D:4)
  2 necrophages (D:4)
  A gnoll sergeant (D:3)
  A scorpion (D:5)
  4 killer bees (D:7)
  5 electric eels
  4 howler monkeys
  A jelly (D:6)
  3 orc priests
  5 hounds
  Jessica (D:3)
  A gnoll bouda (D:5)
  3 iguanas
  Terence (D:3)
  3 orc wizards
  Robin (D:2)
  48 gnolls
  7 adders
  3 shadow imps
  2 white imps
  2 ufetubi
  3 worms
  A dart slug (D:2)
  28 orcs
  7 ball pythons
  5 bats
  2 endoplasms
  4 giant cockroaches
  22 goblins
  10 hobgoblins
  17 jackals
  9 kobolds
  2 quokkas (D:2)
  5 rats
236 creatures vanquished.

Vanquished Creatures (collateral kills)
  2 foxfires (D:4)
2 creatures vanquished.

Vanquished Creatures (others)
  An orc warrior (Bailey)
  A gnoll (D:5)
  604 foxfires
  7 plants (D:4)
613 creatures vanquished.

Grand Total: 851 creatures vanquished

Notes
Turn   | Place    | Note
-------+----------+-------------------------------------------
     0 | D:1      | Hiippo the Djinni Fire Elementalist began the quest for the
                  | Orb.
     0 | D:1      | Hiippo set off with the following spells memorised:
                  | Foxfire, Scorch, Conjure Flame, Inner Flame, Flame Wave.
     0 | D:1      | Reached XP level 1. HP: 15/15 MP: 0/0
   265 | D:1      | Reached XP level 2. HP: 19/21 MP: 0/0
   662 | D:1      | Reached skill level 3 in Spellcasting
   829 | D:1      | Found a faded altar of an unknown god.
   931 | D:1      | Identified a scroll of acquirement
   931 | D:1      | Acquired the ring "Qezihag" {rPois rF+ rCorr Int+2 Slay+2}
   936 | D:1      | Gained mutation: You expend health (3 HP) to strengthen
                  | your wands. [potion of mutation]
   994 | D:2      | Reached XP level 3. HP: 23/25 MP: 0/0
   994 | D:2      | Learned a level 1 spell: Magic Dart
  1458 | D:2      | Reached XP level 4. HP: 30/31 MP: 0/0
  1458 | D:2      | Noticed Robin
  1470 | D:2      | Killed Robin
  2305 | D:3      | Noticed a gnoll sergeant
  2311 | D:3      | Reached skill level 4 in Spellcasting
  2509 | D:3      | Killed a gnoll sergeant
  2510 | D:3      | Reached XP level 5. HP: 16/35 MP: 0/0
  2510 | D:3      | Learned a level 2 spell: Poisonous Vapours
  2752 | D:3      | Noticed Terence
  2754 | D:3      | Identified the +1 ring mail of Defence {rPois Int+4 Dex+6
                  | Stlth-}
  2756 | D:3      | Killed Terence
  2757 | D:3      | Reached XP level 6. HP: 30/40 MP: 0/0
  2779 | D:3      | Reached skill level 5 in Spellcasting
  2963 | D:3      | Noticed Jessica
  2965 | D:3      | Killed Jessica
  3704 | D:4      | Reached XP level 7. HP: 37/45 MP: 0/0
  3704 | D:4      | Learned a level 3 spell: Summon Guardian Golem
  3847 | D:4      | Reached skill level 6 in Spellcasting
  3906 | D:4      | Found a staircase to the Ecumenical Temple.
  3918 | Temple   | Entered the Ecumenical Temple
  5006 | Temple   | Became a worshipper of Ashenzari the Shackled
  5120 | D:4      | Found a sacrificial altar of Ru.
  5186 | D:4      | Found a burning altar of Makhleb.
  5225 | D:4      | Noticed Eustachio
  5232 | D:4      | Killed Eustachio
  5233 | D:4      | Reached XP level 8. HP: 39/50 MP: 0/0
  5386 | D:4      | Reached skill level 7 in Spellcasting
  6569 | D:4      | Reached skill level 8 in Spellcasting
  7246 | D:4      | Reached XP level 9. HP: 51/55 MP: 0/0
  7246 | D:4      | Learned a level 3 spell: Mephitic Cloud
  7672 | D:5      | Entered Level 5 of the Dungeon
  7985 | D:5      | Reached skill level 9 in Spellcasting
  8476 | D:5      | HP: 2/55 [gnoll/+0 halberd[a gnoll bouda] (11)]
  8996 | D:5      | Reached * piety under Ashenzari
  9425 | D:5      | Reached ** piety under Ashenzari
  9463 | D:6      | Reached skill level 1 in Armour
  9582 | D:6      | Found a white marble altar of Elyvilon.
 10278 | D:7      | Reached *** piety under Ashenzari
 10753 | D:7      | Found a flagged portal.
 10796 | Bailey   | Entered a bailey
 10821 | Bailey   | Reached skill level 5 in Armour
 10821 | Bailey   | Reached XP level 10. HP: 48/61 MP: 0/0
 10895 | Bailey   | Noticed an orc knight
 10932 | Bailey   | Killed an orc knight
 11088 | Bailey   | Reached skill level 1 in Fighting
 12178 | Bailey   | Noticed an orc sorcerer
 12182 | Bailey   | Noticed an orc knight
 12216 | Bailey   | Noticed an orc high priest
 12381 | Bailey   | HP: 2/72 [red devil/+0 demon trident of venom[an orc high
                  | priest] (11)]
 12384 | Bailey   | Noticed an orange demon
 12384 | Bailey   | Slain by an orange demon

Illustrated notes

Levels and vault maps discovered:
D:1:      lemuel_arrival_behind_the_door_small, layout_rooms,
          hellmonk_ecumenical_altar_lost_god
D:2:      layout_basic, minmay_pentomino_x4, uniq_robin
D:3:      layout_loops_ring, nicolae_elevator_lobby_asterisk, uniq_terence,
          uniq_jessica
D:4:      lemuel_castle_with_subvaults [lemuel_castle_interior_original],
          layout_gridville, nicolae_ru_the_path_less_chosen,
          mainiacjoe_overflow_boulevard, minmay_temple_entry_arrows,
          st_stairs_7, uniq_eustachio
D:5:      layout_basic, minivault_24
D:6:      layout_rooms, nicolae_elyvilon_temple_path,
          mainiacjoe_overflow_alcove_1
D:7:      layout_basic, trog_wizard, enter_bailey_3, minivault_1
Temple:   nicolae_temple_slightly_damp_pantheon
Bailey:   bailey_axe_of_yendor_kennysheep, bailey

Skill      XL: |  1  2  3  4  5  6  7  8  9 10 |
---------------+-------------------------------+-----
Spellcasting   | 3 4 5 6 8 9 |  9.5
Armour         | 5 8 |  8.0
Fighting       | 3 |  3.4
Dodging        | |  2.3
Stealth        | |  1.6

Action                   |  1- 3 |  4- 6 |  7- 9 | 10-12 || total
-------------------------+-------+-------+-------+-------++-------
Melee: Dagger            |     6 |       |       |       ||     6
       Unarmed           |     1 |       |       |       ||     1
       Flail             |       |       |     3 |       ||     3
       Falchion          |       |       |    13 |     6 ||    19
       Punch             |       |       |     1 |       ||     1
 Cast: Foxfire           |    49 |    56 |   197 |    74 ||   376
       Scorch            |     1 |    14 |    40 |    22 ||    77
       Inner Flame       |       |     6 |    30 |     5 ||    41
       Magic Dart        |       |     5 |    11 |     5 ||    21
       Poisonous Vapours |       |     1 |       |     2 ||     3
       Summon Guardian G |       |       |    14 |     4 ||    18
       Flame Wave        |       |       |     8 |     3 ||    11
       Conjure Flame     |       |       |     3 |       ||     3
Invok: Curse Item        |       |       |     4 |       ||     4
Evoke: Wand              |       |     1 |     1 |     3 ||     5
  Use: Scroll            |     3 |     4 |     1 |     1 ||     9
       Potion            |     3 |     2 |     1 |     4 ||    10
Armor: Robe              |     4 |     1 |    10 |       ||    15
       Ring mail         |       |       |    15 |     2 ||    17
Dodge: Dodged            |     9 |     8 |    45 |     5 ||    67
